 Dungeon Crawl Stone Soup version 0.20-a0-277-g7db01f4 (webtiles) character file.

303 HarryHood the Cudgeler (level 6, -2/37 HPs)
             Began as a Gargoyle Berserker on Dec 14, 2016.
             Was a Believer of Trog.
             Slain by a small abomination (11 damage)
             ... on level 1 of the Abyss.
             The game lasted 00:11:41 (2614 turns).

HarryHood the Cudgeler (Gargoyle Berserker)         Turns: 2614, Time: 00:11:41

Health: -2/37      AC:  8    Str: 21    XL:     6   Next: 38%
Magic:  6/6        EV: 11    Int:  7    God:    Trog [**....]
Gold:   184        SH:  0    Dex: 11    Spells: 5/5 levels left

rFire  . . .     SeeInvis .     a - +0 mace
rCold  + . .     Gourm    .     j - +1 leather armour
rNeg   + . .     Faith    .     (no shield)
rPois  ∞         Spirit   .     (no helmet)
rElec  +         Reflect  .     (no cloak)
rCorr  .         Harm     .     (no gloves)
MR     .....                    (no boots)
Stlth  +.........               (no amulet)
                                (no ring)
                                b - ring of protection from cold

@: no status effects
A: negative energy resistance 1, electricity resistance, unbreathing,
petrification resistance, rot immunity, AC +4
a: Berserk, Trog's Hand, Burn Spellbooks, Renounce Religion


You were on level 1 of the Abyss.
You worshipped Trog.
Trog was pleased with you.
You were not hungry.

You visited 1 branch of the dungeon, and saw 3 of its levels.
You visited the Abyss 1 time.

You collected 184 gold pieces.

Inventory:

Hand Weapons
 a - a +0 mace (weapon)
Armour
 j - a +1 leather armour (worn)
Jewellery
 b - a ring of protection from cold (left hand)
Scrolls
 g - a scroll of silence {unknown}
 h - a scroll of teleportation {unknown}
 i - a scroll of remove curse {unknown}
 k - a scroll of blinking {unknown}
Potions
 e - 3 potions of brilliance {unknown}
Comestibles
 c - 6 bread rations
 d - 3 meat rations
 f - a slice of pizza


   Skills:
 * Level 3.5 Fighting
 - Level 6.8 Maces & Flails
 - Level 2.1 Armour
 - Level 1.5 Dodging


You had 5 spell levels left.
You didn't know any spells.

Dungeon Overview and Level Annotations

Branches:
Dungeon (3/15)

Altars:
Sif Muna
Yredelemnul

Annotations:
D:3 regis's ghost, amateur DsCK


Innate Abilities, Weirdness & Mutations

You are resistant to torment.
Your stone body is resilient. (AC +4)
You are immune to poison.
You resist negative energy. (rN+)
You are resistant to electric shocks. (rElec)
You can survive without breathing.
You are immune to petrification.
You are immune to rotting.


Message History

You start resting.
Some of the chunks of flesh in your inventory have rotted away. x3
Eating a chunk of flesh.
You start eating the chunk of flesh.
You are feeling hungry.
This raw flesh tastes terrible.
You start resting.
A small abomination comes into view.
g - a scroll labeled UMAUCO ERHITSO A small abomination comes into view.
The small abomination hits you but does no damage.
The small abomination hits you!
* * * LOW HITPOINT WARNING * * *
The small abomination misses you. The small abomination hits you.
* * * LOW HITPOINT WARNING * * *
That item cannot be evoked!
That item cannot be evoked!
A fire elemental comes into view.
The small abomination hits you!
You die...

# # . . # .
# . ###
####. . .
... #..####
# # #§#
#.#...# ...
#.§##.....#
###§x#.####
. #§@##.# .
. #E###.#.
# . #.# ##
#. . ## .#
# . # # #


You could see a fire elemental (wandering) and a small abomination.

Vanquished Creatures
  Sigmund (D:3)
  Jessica (D:2)
  Terence (D:2)
  6 adders
  An ufetubus (Abyss:1)
  A dart slug (D:1)
  2 leopard geckos
  3 orcs (D:3)
  5 bats
  A giant cockroach (D:1)
  5 goblins
  4 hobgoblins
  A ball python (D:1)
  A frilled lizard (D:1)
  6 kobolds
  3 rats
42 creatures vanquished.

Notes
Turn   | Place    | Note
-------+----------+-------------------------------------------
     0 | D:1      | HarryHood the Gargoyle Berserker began the quest for the Orb.
     0 | D:1      | Reached XP level 1. HP: 14/14 MP: 1/1
   276 | D:1      | Reached XP level 2. HP: 14/19 MP: 2/2
  1018 | D:2      | Reached skill level 4 in Maces & Flails
  1040 | D:2      | Reached XP level 3. HP: 14/23 MP: 3/3
  1183 | D:2      | Found a basalt altar of Yredelemnul.
  1471 | D:2      | Noticed Jessica
  1484 | D:2      | Killed Jessica
  1484 | D:2      | Reached ** piety under Trog
  1484 | D:2      | Reached skill level 5 in Maces & Flails
  1484 | D:2      | Reached XP level 4. HP: 26/28 MP: 4/4
  1575 | D:2      | Noticed Terence
  1600 | D:2      | Killed Terence
  2025 | D:3      | Found a deep blue altar of Sif Muna.
  2065 | D:3      | Reached XP level 5. HP: 27/32 MP: 5/5
  2092 | D:3      | Noticed Sigmund
  2101 | D:3      | Killed Sigmund
  2101 | D:3      | Reached skill level 6 in Maces & Flails
  2101 | D:3      | Reached XP level 6. HP: 25/37 MP: 6/6
  2375 | D:3      | Noticed regis's ghost (amateur DsCK)
  2378 | D:3      | Paralysed by regis's ghost for 4 turns
  2395 | D:3      | Cast into level 1 of the Abyss (regis's ghost)
  2603 | Abyss:1  | Noticed a small abomination
  2613 | Abyss:1  | Noticed a fire elemental
  2614 | Abyss:1  | Slain by a small abomination

Vault maps used:
D:1:      co_arrival_square_in_a_square_in_a_square
D:2:      overflow_temple_1_default, first_bread, lemuel_flame_loot_1,
          uniq_terence, uniq_jessica
D:3:      overflow_temple_1_default, lemuel_doored_altar,
          chequers_ecumenical_altar_simple, uniq_sigmund
Abyss:1:  guppyfry_abyss_exit_spiral_guarded, due_exit_kobolds

Skill      XL: |  1  2  3  4  5 |
---------------+----------------+-----
Maces & Flails | 4 5 6 |  6.8
Fighting       | |  3.5
Armour         | |  2.1
Dodging        | |  1.5

Action                   |  1- 3 |  4- 6 || total
-------------------------+-------+-------++-------
Melee: Mace              |    82 |   112 ||   194
Invok: Berserk           |       |     2 ||     2
  Use: Scroll            |     4 |       ||     4
  Eat: Chunk             |     2 |     6 ||     8
Armor: Animal skin       |    10 |       ||    10
       Leather armour    |    23 |    42 ||    65
Dodge: Dodged            |    48 |    99 ||   147
